Map: Lightshade LE

Players

DANKCRAFT - Winner!

  • Race: Terran Terran
  • League: Diamond
  • Spawn Location: 11:00

xxzxcuzxMe

  • Race: Terran Terran
  • League: Gold
  • Spawn Location: 5:00

VOD

Have the link to the VOD?

Description

Time

  • Played on: March 8, 2021, 12:37 a.m.
  • Length: 5:39
Show
View Real Time Build Order
Export as new Build Order

DANKCRAFT Terran - Winner!

Build Orders:  

Get SALT Encoding   

  12  0:01  SCV  
  13  0:14  SCV  
  14  0:18  Supply Depot  
  14  0:26  Refinery  
  14  0:27  SCV  
  15  0:45  Barracks  
  15  0:46  SCV  
  16  0:58  SCV  
  17  1:11  SCV  
  18  1:16  Barracks  
  18  1:27  Barracks  
  18  1:32  Reaper  
  19  1:41  Supply Depot  
  19  1:52  SCV  
  20  2:04  Reaper  
  20  2:06  Reaper  
  22  2:09  Barracks  
  22  2:15  Reaper  
  23  2:21  Barracks  
  23  2:35  Orbital Command  
  23  3:06  Supply Depot  
  22  3:20  Marine x2  
  22  3:21  Marine  
  22  3:25  Marine  
  26  3:38  Marine x3  
  29  3:44  Marine  
  30  3:56  Marine x3  
  30  4:01  Marine  
  34  4:14  Marine x3  
  37  4:19  Marine  
  38  4:31  Marine  
Show
View Real Time Build Order
Export as new Build Order

xxzxcuzxMe Terran 

Build Orders:  

Get SALT Encoding   

  12  0:00  SCV  
  13  0:17  Supply Depot, SCV  
  14  0:29  SCV  
  15  0:39  Barracks  
  15  0:42  Refinery  
  15  0:44  SCV  
  16  0:56  SCV  
  17  1:08  SCV  
  18  1:20  SCV  
  19  1:28  Reaper  
  21  1:32  SCV  
  21  1:36  Command Center  
  21  1:45  Orbital Command  
  21  1:51  Refinery  
  21  2:03  Factory  
  21  2:05  Marine  
  22  2:13  SCV  
  23  2:24  Barracks  
  23  2:32  Marine  
  23  2:40  Engineering Bay  
  23  2:47  SCV  
  23  2:48  Supply Depot, Factory Tech Lab  
  23  2:50  Marine  
  25  2:57  Orbital Command  
  25  3:08  Terran Infantry Weapons Level 1  
  25  3:11  SCV  
  25  3:12  Barracks Tech Lab  
  25  3:26  Marine  
  23  3:34  Marine  
  21  3:44  Marine  
  19  3:52  Marine  
  18  4:02  Marine  
  9  4:04  Hellion  
  5  4:19  Marine  
Tags
 
Matchup
TvT
Race
Terran
Spawn Locations
Cross Positions
Add a new tag
Caveats
  • Supply blocks, unpowered buildings, or Contaminate may cause inaccurate times.
  • Supply counts are checked every 10 seconds.